 Dungeon Crawl Stone Soup version 0.16-a0-4113-g7d8e295 (webtiles) character file.

883143 Herrn the Axe Maniac (level 27, -2/251 (256) HPs)
             Began as a Formicid Fighter on Feb 26, 2015.
             Was the Champion of Cheibriados.
             Slain by a reaper
             ... wielding a +6 scythe of slicing
              (3 damage)
             ... on level 7 of Tartarus on Mar 1, 2015.
             The game lasted 08:48:09 (100584 turns).

Herrn the Axe Maniac (Formicid Fighter)           Turns: 100584, Time: 08:48:10

HP:   -2/251 (256)  AC: 43    Str: 47 (52) XL:     27
MP:   47/47         EV: 24    Int: 22 (28) God:    Cheibriados [******]
Gold: 8053          SH: 26    Dex: 26 (31) Spells: 5 memorised, 9 levels left

rFire  + + .     SeeInvis +     P - -1 executioner's axe "Ogrebane" {flame, rElec MR+ Int+4 Dex+4}
rCold  + . .     Clarity  .     q - +9 armour of the Dragon King {rPois rF+ rC+ MR+}
rNeg   + + +     SustAb   .     m - +4 shield of Intercession {MR++ Str+4}
rPois  +         Gourm    .     (helmet unavailable)
rElec  +         Spirit   .     i - +2 cloak of Zacko {-Tele rC+ Dex+2 Stlth+}
rCorr  .         Warding  .     p - +2 pair of gloves of Midnight {rF- rN+ Regen+ SInv}
rMut   +         Stasis   +     z - +2 pair of boots {Fly}
MR     +++++                    W - amulet of resist mutation (curse)
Stlth  ..........               b - ring "Stryvakaj" {Fire rN++}
                                K - ring "Burewoudgh" {rF+ MP+9}

@: flying, silenced, very slow, almost entirely resistant to hostile
enchantments, extremely unstealthy
A: permanent stasis, dig shafts and tunnels, four strong arms, antennae 3,
talons 1, rugged brown scales 1, camouflage 1, high mp 1, sense surroundings 1,
spit poison 1
a: Dig, Shaft Self, Spit Poison, Renounce Religion, Stop Flying
}: 6/15 runes: barnacled, slimy, silver, golden, abyssal, gossamer


You were on level 7 of Tartarus.
You worshipped Cheibriados.
Cheibriados was exalted by your worship.
You were very full.

You visited 15 branches of the dungeon, and saw 75 of its levels.
You visited the Abyss 1 time.
You also visited: Ice Cave and Volcano.

You collected 13457 gold pieces.
You spent 462 gold pieces at shops.
You donated 4942 gold pieces to Zin.

Inventory:

Hand weapons
 e - a +9 triple crossbow of holy wrath
 J - the +15 heavy crossbow "Sniper" {velocity, SInv}
   (You took it off a kobold on level 10 of the Dungeon)

   Any bolt fired from it inflicts extra damage.
   It enhances your eyesight.
 P - the -1 executioner's axe "Ogrebane" (weapon) {flame, rElec MR+ Int+4 Dex+4}
   (Okawaru gifted it to you on level 1 of the Vaults)

   It has been specially enchanted to burn those struck by it, causing extra
   injury to most foes and up to half again as much damage against particularly
   susceptible opponents.
   Big, fiery blades are also staple armaments of hydra-hunters.
   It affects your intelligence (+4).
   It affects your dexterity (+4).
   It insulates you from electricity.
   It affects your resistance to hostile enchantments.
Missiles
 g - 51 bolts of penetration
 h - 127 bolts of flame
 j - 1470 bolts
 S - 216 bolts of frost
 T - 59 steel bolts
 V - 149 poisoned bolts
 X - 89 silver bolts
Armour
 i - the +2 cloak of Zacko (worn) {-Tele rC+ Dex+2 Stlth+}
   (Okawaru gifted it to you on level 1 of the Depths)

   It affects your dexterity (+2).
   It protects you from cold.
   It prevents most forms of teleportation.
   It makes you more stealthy.
 l - a cursed +1 cloak of magic resistance
 m - the +4 shield of Intercession (worn) {MR++ Str+4}
   (Okawaru gifted it to you on level 14 of the Dungeon)

   It affects your strength (+4).
   It affects your resistance to hostile enchantments.
 p - the +2 pair of gloves of Midnight (worn) {rF- rN+ Regen+ SInv}
   (You acquired it on level 12 of the Dungeon)

   It makes you vulnerable to fire.
   It protects you from negative energy.
   It enhances your eyesight.
   It increases your rate of regeneration.
 q - the +9 armour of the Dragon King (worn) {rPois rF+ rC+ MR+}
   (You found it on level 6 of the Pits of Slime)

   It protects you from fire.
   It protects you from cold.
   It protects you from poison.
   It affects your resistance to hostile enchantments.
 z - a +2 pair of boots of flying (worn)
 A - the cursed +0 cloak "Riariwk" {+Fly rPois MR- Slay+3}
   (Okawaru gifted it to you on level 4 of the Shoals)

   It affects your accuracy and damage with ranged weapons and melee attacks
   (+3).
   It protects you from poison.
   It affects your resistance to hostile enchantments.
   It lets you fly.
   It has a curse placed upon it.
 C - the +4 fire dragon armour of Owuyho {rF++ rC- rN+ Dex+3}
   (You found it on level 7 of the Lair of Beasts)

   It affects your dexterity (+3).
   It greatly protects you from fire.
   It makes you vulnerable to cold.
   It protects you from negative energy.
 F - a cursed +1 shield of reflection
 L - the cursed +3 faerie dragon armour {rC+ Regen+ HP-2 Str+2 Dex-2}
   (You took it off the Enchantress on level 3 of the Depths)

   It affects your strength (+2).
   It affects your dexterity (-2).
   It protects you from cold.
   It affects your health (-2).
   It increases your rate of regeneration.
   It has a curse placed upon it.
 Y - the cursed +1 chain mail of Oman {rElec rN+ rCorr Int-2}
   (You found it on level 1 of the Tomb of the Ancients)

   It affects your intelligence (-2).
   It insulates you from electricity.
   It protects you from negative energy.
   It protects you from acid and corrosion.
   It has a curse placed upon it.
Jewellery
 b - the ring "Stryvakaj" (right hand) {Fire rN++}
   (You found it on level 4 of the Vaults)

   [ring of fire]

   It enhances your fire magic, and weakens your ice magic.
   It protects you from fire.
   It makes you vulnerable to cold.
   It greatly protects you from negative energy.
 n - a cursed ring of poison resistance
 o - an uncursed ring of protection from cold
 t - the ring "Dod Uhevi" {+Inv Str+11 Int-3 Stlth+}
   (You found it on level 6 of the Pits of Slime)

   [ring of invisibility]

   It affects your strength (+11).
   It affects your intelligence (-3).
   It lets you turn invisible.
   It makes you more stealthy.
 E - an uncursed amulet of warding
 H - a cursed amulet of faith
 I - a cursed ring of protection from cold
 K - the ring "Burewoudgh" (left hand) {rF+ MP+9}
   (You found it on level 4 of the Vaults)

   [ring of magical power]

   It protects you from fire.
   It affects your magic capacity (+9).
 M - the amulet of Vitality {Regen+ HP+15}
   (You found it on level 3 of the Tomb of the Ancients)

   [amulet of regeneration]

   It affects your health (+15).
   It increases your rate of regeneration.
 W - a cursed amulet of resist mutation (around neck)
Scrolls
 c - a scroll of holy word
 k - 11 scrolls of recharging
 s - 18 scrolls of amnesia
 u - 7 scrolls of enchant weapon
 v - 7 scrolls of magic mapping
 y - 16 scrolls of enchant armour
 D - a scroll of brand weapon
 N - 13 scrolls of remove curse
 R - 2 scrolls of silence
 U - 10 scrolls of identify
Potions
 a - 2 potions of resistance
 f - 10 potions of curing
 w - 6 potions of heal wounds
 x - a potion of cancellation
 G - 13 potions of restore abilities
 O - a potion of invisibility
 Q - 2 potions of mutation
 Z - 7 potions of might
Comestibles
 d - 42 bread rations
 r - 22 meat rations


   Skills:
 O Level 27 Fighting
 O Level 27 Axes
 * Level 26.3 Crossbows
 * Level 17.7 Armour
 * Level 15.9 Dodging
 + Level 25.7 Shields
 - Level 2.4 Charms
 - Level 1.5 Necromancy
 - Level 2.7 Transmutations
 - Level 3.0 Earth Magic
 - Level 8.0 Invocations


You had 9 spell levels left.
You knew the following spells:

 Your Spells              Type           Power        Failure   Level  Hunger
a - Stoneskin             Trmt/Erth      ##......     47%         2    ###....
b - Repel Missiles        Chrm/Air       #.....       83%         2    ###....
c - Animate Dead          Necr           N/A          100%        4    #####..
d - Regeneration          Chrm/Necr      #.........   96%         3    ####...
e - Statue Form           Trmt/Erth      ##.......    100%        6    #######


Dungeon Overview and Level Annotations

Branches:
Dungeon (15/15)            Temple (1/1) D:6            Lair (8/8) D:10
 Shoals (5/5) Lair:4       Spider (5/5) Lair:6        Slime (6/6) Lair:6
    Orc (4/4) D:12            Elf (3/3) Orc:4        Vaults (5/5) D:13
  Crypt (3/3) Vaults:2       Tomb (3/3) Crypt:3      Depths (5/5) D:15
   Hell (1/1)                 Dis (0/7) Hell            Geh (0/7) Hell
    Coc (0/7) Hell            Tar (7/7) Hell            Zot (5/5) Depths:5

Altars:
Ashenzari
Cheibriados
Dithmenos
Elyvilon
Fedhas
Gozag
Kikubaaqudgha
Makhleb
Nemelex Xobeh
Okawaru
Qazlal
Ru
Sif Muna
Trog
Vehumet
Xom
Yredelemnul
Zin
The Shining One
Beogh
Jiyva

Shops:
Orc:4 (:*[   Elf:1 [   Shoals:2 ?   Vaults:1 *   Vaults:4 !   Depths:2 %
Depths:4 :?[%   Depths:5 }

Portals:
Hell: Depths:1 Depths:2 Depths:3 Depths:4 Depths:5
Abyss: Depths:3 Depths:4
Pandemonium: Depths:3
Ziggurat: Depths:5

Annotations:
Tar:7 Ereshkigal


Innate Abilities, Weirdness & Mutations

You are under a permanent stasis effect.
You can dig through walls and to a lower floor.
Your four strong arms can wield two-handed weapons with a shield.
You have a pair of large antennae on your head (SInv).
You have sharp toenails.
You are partially covered in rugged brown scales (AC +1, +3% HP).
Your skin changes colour to match your surroundings (Stealth).
You have an increased reservoir of magic (+10% MP).
You passively map a small area around you.
You can spit poison.


Message History

Your body is wracked with pain!
* * * LOW HITPOINT WARNING * * *
You hit Ereshkigal. You burn Ereshkigal.
Ereshkigal is severely wounded.
Ereshkigal gestures.
Ereshkigal is healed.
You closely miss Ereshkigal.
Ereshkigal is heavily wounded.
You block the reaper's attack. Ereshkigal hits you.
* * * LOW HITPOINT WARNING * * *
You miss Ereshkigal.
Ereshkigal is heavily wounded.
Ereshkigal gestures at you. The bolt of cold hits you! You resist.
* * * LOW HITPOINT WARNING * * *
You miss Ereshkigal.
Ereshkigal is heavily wounded.
The reaper hits you from afar with a scythe of slicing!
* * * LOW HITPOINT WARNING * * *
You die...

,,,,***,,,*,***###****,*,,,***,,,
***,,,**,,*+#.....((.*+*,,**,,,**
,,***,.##+*#..........**+**,,***,
*,,.#*,...*,...........*,,,,**,,,
***..#*..#*,,..........#*,,**,,**
,,**..*..#,,,,........,,*,,*,,**,
*,,*#.##.#,,,,,2....,,,,*,**,**,,
#*,.*..#.#,,,,##'&##,,,,*,*,,*,,*
.##.##.#.#,,,##.@..##,,,*,*,**,**
..#..#.#)##,,#......#,,**,*,*,,*,
#.##.#....#,##......##,*,,,,*,**,
)..#.#....#,#........#,*,,,,*,*,,
##.#.#†...#,#........#,*,,,,*,*,*
.#.#.#..).#{#........#{*,,,,*,*,*
.#...#)##.#####''''###**,**,*,,,*
.###.#'#...##........##,,,*+*,***
#..#...#.).#..........#,,,*,,,*,,


You could see Ereshkigal and a reaper.

Vanquished Creatures
  the royal jelly (Slime:6)
  Khufu (Tomb:3)
  A player illusion (Depths:4)
  2 ancient liches (Crypt:3)
  34 greater mummies
  Boris (Depths:4)
  Margery (Depths:3)
  A caustic shrike (Depths:3)
  2 curse toes
  2 Killer Klowns
  Mara (Depths:4)
  Geryon (Hell)
  The ghost of esc the Shatterer, a great MiGl of Qazlal (Slime:5)
  14 golden dragons
  Xtahua (Vaults:3)
  the Enchantress (Depths:3)
  4 bone dragons
  Arachne (Spider:5)
  Nikola (Shoals:3)
  2 electric golems
  A hellephant (Abyss:3)
  A Brimstone Fiend (Elf:3)
  13 liches
  3 Orb Guardians (Zot:5)
  3 Ice Fiends
  A Hell Sentinel (Tar:7)
  23 tentacled monstrosities
  A shard shrike skeleton (Crypt:1)
  18 titans
  The ghost of Scytalen the Spry, a mighty SpAs of Dithmenos (Depths:1)
  Asterion (Vaults:1)
  12 deep elf blademasters
  3 quicksilver dragons
  35 acid blobs
  5 deep elf master archers
  An eldritch tentacle (Tar:7)
  7 Shadow Fiends
  13 sphinxes
  Polyphemus (Shoals:2)
  An octopode crusher (Depths:3)
  7 shadow dragons
  2 tentacled starspawn (Abyss:1)
  Rupert (Spider:5)
  Agnes (Depths:3)
  Kirke (Shoals:1)
  5 ancient champions
  The ghost of esc the Severer, a mighty MiGl of Okawaru (Spider:5)
  12 storm dragons
  Frances (D:14)
  5 draconian monks
  5 tengu reavers
  4 revenants
  16 azure jellies
  Ilsuiw (Shoals:5)
  20 fire giants
  Donald (Spider:5)
  2 balrugs
  36 frost giants
  6 iron dragons
  2 draconian scorchers
  11 vault wardens
  2 cacodemons
  2 draconian knights
  A ghost moth (Spider:5)
  3 draconian zealots
  19 deep elf sorcerers
  4 curse skulls
  19 emperor scorpions
  An angel (Abyss:3)
  A spectral weapon (Vaults:1)
  24 reapers
  6 draconian annihilators
  An orc warlord (Orc:3)
  Jorgrun (Depths:4)
  16 ironheart preservers
  39 stone giants
  7 spriggan defenders
  The ghost of hornqvist the Imperceptible, a mighty SpAs of Ashenzari (Spider:3)
  2 ophanim (Abyss:3)
  5 ghouls
  3 draconian shifters
  A caustic shrike skeleton (Crypt:2)
  15 very ugly things
  8 war gargoyles
  9 vampire knights
  8 bennus
  17 grey draconians
  11 black draconians
  5 green draconians
  13 deep elf annihilators
  6 deep elf demonologists (Elf:3)
  2 salamander firebrands
  8 mottled draconians
  Azrael (D:15)
  10 yellow draconians
  A spectral titan (Tomb:2)
  15 white draconians
  10 pale draconians
  9 red draconians
  2 lorocyprocas (Hell)
  7 purple draconians
  3 unborn (Tomb:1)
  7 dire elephants
  7 jiangshi
  18 ettins
  2 green deaths
  5 eidola
  A crystal guardian (Vaults:4)
  11 deep elf death magi
  Snorg (Orc:4)
  10 death oozes
  2 quicksilver dragon zombies
  8 merfolk javelineers
  22 mummy priests
  28 vault guards
  24 fire dragons
  2 blizzard demons (Hell)
  A spectral kraken (Tar:7)
  4 minotaurs
  6 merfolk impalers
  7 death cobs
  A kraken zombie (Hell)
  8 rakshasas
  16 great orbs of eyes
  24 yaktaur captains
  9 deep elf high priests
  Harold (D:10)
  7 hydras
  10 centaur warriors
  A ghost crab (shapeshifter) (Vaults:5)
  38 ice dragons
  19 deep troll earth magi
  2 merfolk avatars
  16 deep troll shamans
  8 merfolk aquamancers
  2 satyrs
  14 ogre magi
  6 spriggan air magi
  19 dancing weapons
  7 tengu warriors
  3 thrashing horrors (Abyss:3)
  34 death yaks
  5 vampire magi
  A spectral dire elephant (Tomb:2)
  2 titan zombies
  8 hell beasts
  6 spriggan berserkers
  A shock serpent (shapeshifter) (Vaults:5)
  Urug (Orc:4)
  7 hell hogs
  4 storm dragon zombies
  6 catoblepae
  2 orc high priests
  Nergalle (Orc:4)
  11 sun demons
  An iron golem (Hell)
  12 iron trolls
  8 shadow wraiths
  27 soul eaters
  A wretched star (Abyss:1)
  7 sea snakes
  A titan skeleton (Crypt:1)
  2 cherubim (Abyss:3)
  2 salamander mystics (Depths:3)
  28 hell knights
  57 skeletal warriors
  50 deep elf knights
  A fire crab (shapeshifter) (Elf:3)
  A fire crab (Vaults:2)
  4 golden dragon zombies
  A death drake (Tar:7)
  A storm dragon skeleton (Crypt:3)
  A ghost moth zombie (Tar:7)
  10 ice devils
  14 shadow demons (Tar:7)
  A spatial maelstrom (Abyss:1)
  44 deep trolls
  40 death scarabs
  A death drake (shapeshifter) (Depths:4)
  6 wizards
  9 ironbrand convokers
  An anaconda zombie (Hell)
  5 giant orange brains
  5 unseen horrors
  2 ice statues
  44 anubis guards
  A golden dragon skeleton (Tar:7)
  21 harpies
  Pikel (D:5)
  A harpy (shapeshifter) (Vaults:3)
  12 deep elf summoners
  An anaconda skeleton (Crypt:3)
  8 flayed ghosts
  2 unseen horrors (shapeshifter)
  2 deathcaps (Zot:3)
  A shadow dragon zombie (Tar:7)
  11 orc sorcerers
  A tengu zombie (Vaults:1)
  36 wolf spiders
  8 shining eyes
  2 wolf spider zombies
  24 deep elf conjurers
  A mana viper (shapeshifter) (Vaults:4)
  11 griffons
  2 shadow dragon skeletons
  14 necromancers
  A spectral wolf spider (Tomb:2)
  A shining eye (shapeshifter) (Depths:3)
  27 orb spiders
  8 frost giant zombies
  13 hill giants
  5 oklob plants (Lair:7)
  17 elephants
  8 phantasmal warriors
  13 manticores
  16 orc knights
  51 ugly things
  An iron dragon skeleton (Tomb:1)
  5 hornets
  34 moths of wrath
  4 stone giant zombies
  A moth of wrath (shapeshifter) (Depths:4)
  3 salamanders (Depths:3)
  5 worldbinders
  5 sixfirhies
  16 fauns
  A frost giant skeleton (Tomb:3)
  6 fire giant zombies
  17 vault sentinels
  14 rust devils
  6 water nymphs
  16 sirens
  6 smoke demons
  A drowned soul (Shoals:5)
  A fire giant skeleton (Tar:7)
  5 gargoyles
  A dire elephant zombie (Crypt:2)
  9 cyclopes
  Joseph (Orc:3)
  A spectral alligator snapping turtle (Tomb:1)
  5 orange demons
  A guardian serpent (Abyss:1)
  2 shock serpent zombies
  2 apocalypse crabs
  A titan simulacrum (Tomb:1)
  3 black mambas
  2 efreet (Zot:3)
  4 eyes of devastation
  A queen ant (Lair:4)
  An orange crystal statue (D:8)
  6 torpor snails
  An eye of devastation (shapeshifter) (Depths:2)
  A guardian serpent (shapeshifter) (Vaults:1)
  7 spiny frogs
  Psyche (D:11)
  2 black mambas (shapeshifter)
  3 spectral swamp worms (Tar:7)
  A yaktaur (shapeshifter) (Depths:5)
  A green draconian zombie (Tar:7)
  5 centaur skeletons
  2 emperor scorpion zombies
  86 yaktaurs
  7 komodo dragons
  13 demonic crawlers
  4 dire elephant skeletons
  A yaktaur zombie (D:15)
  4 anaconda simulacra
  An ancient zyme (Abyss:3)
  27 deep elf priests
  A kobold demonologist (Vaults:3)
  2 fire drakes
  5 hellions
  3 hellwings
  12 trolls
  A golden dragon simulacrum (Tomb:2)
  34 jumping spiders
  39 guardian mummies
  A white draconian skeleton (Crypt:2)
  11 red devils
  24 merfolk
  A silent spectre (Crypt:1)
  6 tengu conjurers
  A queen bee (shapeshifter) (D:14)
  2 polar bears
  12 blue devils
  3 hydra zombies
  4 wind drakes
  18 freezing wraiths
  A queen bee (Depths:3)
  3 wandering mushrooms
  30 two-headed ogres
  12 blink frogs
  Grinder (D:6)
  2 giant leeches (Lair:6)
  Prince Ribbit (D:8)
  A trapdoor spider zombie (D:10)
  171 slime creatures
  A hydra skeleton (Hell)
  7 boulder beetles
  A blink frog (shapeshifter) (Depths:5)
  A jumping spider (shapeshifter) (Vaults:5)
  2 alligator zombies (Hell)
  16 snapping turtles
  3 harpy skeletons
  5 ravens
  6 ushabtiu
  An ice dragon zombie (Hell)
  2 raiju
  19 wraiths
  2 trolls (shapeshifter)
  A fire dragon zombie (Crypt:3)
  22 shadows
  12 small abominations
  9 spriggans
  A black mamba zombie (Crypt:1)
  An ice dragon skeleton (Crypt:1)
  A stone giant simulacrum (Vaults:1)
  4 wyverns
  31 flying skulls
  2 trapdoor spiders (shapeshifter)
  3 ettin zombies
  An alligator skeleton (Hell)
  A spectral black mamba (Tomb:2)
  A basilisk (Lair:3)
  2 ettin skeletons (Tar:7)
  A spriggan skeleton (D:15)
  2 fire dragon skeletons
  A frost giant simulacrum (Crypt:1)
  A hog (shapeshifter) (Vaults:3)
  25 trapdoor spiders
  A ynoxinul (Tomb:1)
  31 tarantellas
  46 deep elf magi
  2 dire elephant simulacra (IceCv)
  23 water elementals
  5 starcursed masses (Abyss:1)
  17 vampires
  62 redbacks
  A human (shapeshifter) (Vaults:4)
  A hog (Shoals:1)
  19 humans
  4 large abominations
  2 neqoxecs
  19 golden eyes
  A yak (shapeshifter) (D:14)
  44 yaks
  An emperor scorpion simulacrum (Crypt:1)
  10 fire elementals
  A steam dragon (D:15)
  12 hippogriffs
  A mottled dragon (Vaults:1)
  21 wolves
  3 hippogriffs (shapeshifter)
  46 deep elf fighters
  A purple draconian simulacrum (Crypt:1)
  6 wargs
  3 human simulacra
  5 hungry ghosts
  6 vampire mosquitoes
  15 water moccasins
  2 ogre zombies
  A soldier ant (shapeshifter) (Depths:4)
  2 yaktaur simulacra
  3 iron troll simulacra (IceCv)
  A spatial vortex (Abyss:1)
  2 hydra simulacra (IceCv)
  5 chaos spawn
  4 harpy simulacra (IceCv)
  9 soldier ants
  2 spiny frog zombies (Hell)
  6 hell hounds
  A baby alligator skeleton (Crypt:1)
  A deep troll skeleton (Crypt:2)
  11 spiders
  5 eyes of draining
  5 black bears
  59 ogres
  2 spiny frog skeletons
  2 ettin simulacra
  3 human zombies
  An eye of draining (shapeshifter) (Vaults:5)
  5 boggarts
  A hornet simulacrum (D:15)
  55 orc warriors
  34 centaurs
  4 sky beasts
  A snapping turtle zombie (Hell)
  6 wasps
  6 phantoms
  10 porcupines
  An alligator simulacrum (Tomb:1)
  A crocodile (shapeshifter) (Vaults:1)
  A torpor snail zombie (D:15)
  An ice beast (shapeshifter) (Elf:1)
  12 crocodiles
  17 necrophages
  2 snapping turtle skeletons
  An anubis guard skeleton (Crypt:1)
  10 ice beasts
  A swamp dragon skeleton (Tar:7)
  A manticore skeleton (Tomb:1)
  Sigmund (D:7)
  A giant frog (shapeshifter) (Depths:1)
  A boring beetle (Spider:2)
  A vine stalker zombie (Crypt:1)
  8 big kobolds
  A fire crab zombie (Vaults:1)
  A lost soul (Crypt:2)
  2 human skeletons
  30 scorpions
  28 giant frogs
  34 killer bees
  A troll zombie (Crypt:3)
  A raiju skeleton (Crypt:2)
  8 electric eels
  6 wights
  A goliath beetle (shapeshifter) (Vaults:5)
  2 goliath beetles (D:6)
  4 crimson imps
  3 centaur zombies
  2 draconian simulacra (IceCv)
  9 iguanas
  36 jellies
  3 quasits
  Crazy Yiuf (D:2)
  5 hell rats
  11 hounds
  An iron imp (Abyss:1)
  34 orc priests
  4 giant frog skeletons
  26 worker ants
  Natasha (thrice) (D:3)
  2 basilisk skeletons
  An iguana (shapeshifter) (Depths:2)
  49 orc wizards
  A centaur simulacrum (IceCv)
  A polar bear simulacrum (IceCv)
  42 sheep
  2 spriggan simulacra (IceCv)
  3 wolf simulacra (IceCv)
  A killer bee zombie (D:8)
  4 troll simulacra (IceCv)
  A crocodile skeleton (Crypt:1)
  A hound zombie (D:5)
  An ogre skeleton (Crypt:3)
  A hound skeleton (D:9)
  48 mummies
  A worker ant zombie (D:8)
  5 gnolls
  26 adders
  45 river rats
  An ogre simulacrum (IceCv)
  A steam dragon skeleton (Crypt:2)
  6 shadow imps
  11 giant mites
  5 white imps
  3 worms
  9 ufetubi
  An adder zombie (D:7)
  2 adder skeletons
  6 giant geckos
  An ooze (shapeshifter) (Vaults:5)
  3 oozes
  238 orcs
  26 bats
  6 giant cockroaches
  27 hobgoblins
  11 jackals
  13 quokkas
  3 ball pythons
  6 giant newts
  A giant newt skeleton (Crypt:1)
  A giant newt zombie (Crypt:1)
  2 giant spores
  25 goblins
  A jackal skeleton (D:7)
  A jackal zombie (D:6)
  43 kobolds
  A kobold skeleton (Crypt:2)
  16 rats
  3 spectral orcs (Orc:4)
  6 ballistomycetes
  A bush (Lair:7)
  3 crawling corpses
  13 fungi
  43 plants
  A starspawn tentacle (Abyss:1)
  A starspawn tentacle segment (Abyss:1)
  4 tentacles
  2 tentacle segments (Hell)
4549 creatures vanquished.

Vanquished Creatures (collateral kills)
  3 death oozes (Slime:6)
  2 slime creatures (Slime:6)
5 creatures vanquished.

Vanquished Creatures (others)
  A lich (Depths:3)
  2 fire giants (Depths:1)
  A war gargoyle (Vaults:5)
  A vampire mage (Depths:1)
  A titan zombie (Tomb:2)
  14 death scarabs (Tomb:2)
  A giant orange brain (Slime:6)
  An anaconda skeleton (Tar:7)
  An anubis guard (Tomb:2)
  2 frost giant skeletons (Tomb:2)
  5 drowned souls
  An eye of devastation (Slime:6)
  A guardian mummy (Tomb:2)
  5 slime creatures (Slime:6)
  A two-headed ogre (Zot:3)
  An ice dragon zombie (Tomb:2)
  4 flying skulls (Tomb:2)
  Eustachio (D:5)
  2 deep elf magi (Elf:1)
  3 deep elf fighters (Elf:1)
  An orc warrior (Orc:4)
  A wasp (Depths:3)
  11 lost souls
  Duvessa (D:5)
  An electric eel (D:12)
  Dowan (D:5)
  A gnoll shaman (D:5)
  2 orc wizards (Orc:3)
  4 mummies (Tomb:2)
  2 gnolls (D:5)
  2 adders
  A shadow imp (D:5)
  4 orcs
  A bat (D:5)
  2 goblins (D:5)
  An ooze (D:5)
  A giant spore (D:7)
  6 eldritch tentacle segments (Tar:7)
  17 fungi
  6 plants (Crypt:3)
  A starspawn tentacle (Abyss:1)
  5 starspawn tentacle segments (Abyss:1)
  7 tentacles
  221 tentacle segments (Hell)
349 creatures vanquished.

Grand Total: 4903 creatures vanquished

Notes
Turn   | Place    | Note
--------------------------------------------------------------
     0 | D:1      | Herrn, the Formicid Fighter, began the quest for the Orb.
     0 | D:1      | Reached XP level 1. HP: 18/18 MP: 1/1
   115 | D:1      | Reached XP level 2. HP: 12/24 MP: 3/3
   306 | D:1      | You fall through a shaft!
   511 | D:1      | Reached XP level 3. HP: 27/29 MP: 4/4
   561 | D:1      | Reached skill level 1 in Dodging
   848 | D:2      | Noticed Crazy Yiuf
   853 | D:2      | Killed Crazy Yiuf
   853 | D:2      | Reached skill level 4 in Shields
   853 | D:2      | Reached XP level 4. HP: 32/37 MP: 5/5
  1136 | D:2      | Reached XP level 5. HP: 42/42 MP: 7/7
  1264 | D:3      | Found a shattered altar of Ashenzari.
  1843 | D:3      | Noticed Natasha
  1864 | D:3      | Killed Natasha
  1864 | D:3      | Reached XP level 6. HP: 13/48 MP: 8/8
  2200 | D:3      | Noticed Natasha
  2207 | D:3      | Killed Natasha
  2522 | D:3      | Noticed Natasha
  2528 | D:3      | Killed Natasha
  2880 | D:4      | Reached XP level 7. HP: 49/54 MP: 9/9
  2993 | D:4      | Reached skill level 5 in Shields
  3374 | D:4      | Reached skill level 5 in Axes
  3692 | D:5      | Entered Level 5 of the Dungeon
  3721 | D:5      | Noticed Pikel
  3741 | D:5      | Killed Pikel
  3741 | D:5      | Reached skill level 6 in Axes
  3741 | D:5      | Reached skill level 5 in Armour
  3741 | D:5      | Reached XP level 8. HP: 19/61 MP: 11/11
  3787 | D:5      | Killed Eustachio
  3861 | D:5      | Killed Duvessa
  3878 | D:5      | Killed Dowan
  4321 | D:5      | Reached skill level 5 in Fighting
  4604 | D:6      | Reached XP level 9. HP: 63/68 MP: 12/12
  4661 | D:6      | Found a deep blue altar of Sif Muna.
  4760 | D:6      | Found a burning altar of Makhleb.
  4760 | D:6      | Found a glowing silver altar of Zin.
  4761 | D:6      | Noticed an angel
  4761 | D:6      | Noticed a cacodemon
  4885 | D:6      | Found a staircase to the Ecumenical Temple.
  4918 | D:6      | Found a bloodstained altar of Trog.
  4932 | D:6      | Reached skill level 7 in Axes
  5737 | D:6      | Noticed Grinder
  5749 | D:6      | Killed Grinder
  6017 | D:7      | Noticed Sigmund
  6296 | D:7      | Killed Sigmund
  6474 | D:7      | Reached skill level 8 in Axes
  6678 | D:7      | Reached XP level 10. HP: 30/76 MP: 13/13
  6909 | Temple   | Entered the Ecumenical Temple
  6933 | Temple   | Became a worshipper of Warmaster Okawaru
  7367 | D:8      | Noticed an orange crystal statue
  7555 | D:8      | Found a shadowy altar of Dithmenos.
  7645 | D:8      | Noticed Prince Ribbit
  8188 | D:8      | Reached skill level 9 in Axes
  8730 | D:9      | Acquired Okawaru's first power
 10079 | D:10     | Entered Level 10 of the Dungeon
 10091 | D:10     | Reached XP level 11. HP: 84/84 MP: 15/15
 10141 | D:10     | Reached skill level 10 in Axes
 10233 | D:10     | Noticed Harold
 10259 | D:10     | Killed Harold
 10528 | D:10     | Reached skill level 5 in Dodging
 10924 | D:10     | Identified the Handbook of the Harmful Arsonist
 11018 | D:10     | Found a staircase to the Lair.
 11374 | D:8      | Killed Prince Ribbit
 11374 | D:8      | Reached skill level 11 in Axes
 11610 | D:8      | Killed an orange crystal statue
 11626 | D:8      | Noticed an ice statue
 11681 | D:8      | Killed an ice statue
 11681 | D:8      | Reached skill level 1 in Crossbows
 11681 | D:8      | Reached skill level 10 in Shields
 12086 | D:11     | Noticed a brown ugly thing
 12099 | D:11     | Killed a brown ugly thing
 12113 | D:11     | Noticed a green ugly thing
 12122 | D:11     | Killed a green ugly thing
 12122 | D:11     | Reached XP level 12. HP: 85/92 MP: 17/17
 12371 | D:11     | Noticed a cyclops
 12379 | D:11     | Killed a cyclops
 12379 | D:11     | Received a gift from Okawaru
 12662 | D:11     | Noticed Psyche
 12666 | D:11     | Killed Psyche
 12729 | D:11     | Reached skill level 12 in Axes
 13262 | D:12     | Noticed a four-headed hydra
 13269 | D:12     | Killed a one-headed hydra
 13601 | D:12     | Found a staircase to the Orcish Mines.
 13644 | D:12     | Acquired Okawaru's second power
 14055 | D:12     | Reached skill level 13 in Axes
 14333 | D:13     | Reached XP level 13. HP: 99/99 MP: 18/18
 14356 | D:13     | Received a gift from Okawaru
 14417 | D:13     | Found a gate to the Vaults.
 14417 | D:13     | Noticed a vault guard
 14417 | D:13     | Noticed a vault guard
 14417 | D:13     | Noticed a vault guard
 14438 | D:13     | Killed a vault guard
 14461 | D:13     | Killed a vault guard
 14465 | D:13     | Killed a vault guard
 14751 | D:13     | Reached skill level 5 in Crossbows
 14782 | D:13     | Found a white marble altar of Elyvilon.
 14806 | D:13     | Reached skill level 14 in Axes
 14864 | D:13     | Noticed a catoblepas
 14869 | D:13     | Reached skill level 10 in Fighting
 14890 | D:13     | Killed a catoblepas
 15505 | D:13     | Received a gift from Okawaru
 15820 | D:13     | Received a gift from Okawaru
 16151 | D:13     | Reached XP level 14. HP: 94/108 MP: 19/19
 16346 | D:14     | Received a gift from Okawaru
 16361 | D:14     | Got a smoking shield {god gift}
 16372 | D:14     | Identified the +4 shield of Intercession {MR++ Str+4} (Okawaru gifted it to you on level 14 of the Dungeon)
 16623 | D:14     | Noticed Frances
 16636 | D:14     | Killed Frances
 16970 | D:14     | Reached skill level 15 in Axes
 17402 | D:15     | Entered Level 15 of the Dungeon
 17412 | D:15     | Found a staircase to the Depths.
 17567 | D:15     | Noticed Azrael
 17586 | D:15     | Killed Azrael
 18207 | D:15     | Identified the Handbook of the Rocks and the Oath (You found it on level 15 of the Dungeon)
 18246 | D:15     | Learned a level 2 spell: Stoneskin
 18844 | D:15     | Received a gift from Okawaru
 18847 | D:15     | Got a creamy pearl robe {god gift}
 18858 | D:15     | Identified the +1 robe of Responsibility {Str+5 Int+4 Dex-3} (Okawaru gifted it to you on level 15 of the Dungeon)
 19214 | D:13     | Reached XP level 15. HP: 116/116 MP: 20/20
 19343 | Lair:1   | Entered Level 1 of the Lair of Beasts
 19343 | Lair:1   | Found a radiant altar of Vehumet.
 20240 | Lair:2   | Reached skill level 16 in Axes
 21893 | Lair:4   | Found a staircase to the Shoals.
 22310 | Lair:5   | Received a gift from Okawaru
 22784 | Lair:5   | Found a burning altar of Makhleb.
 23247 | Lair:6   | Found a dark tunnel.
 23254 | Volcano  | Entered a volcano
 23469 | Lair:6   | Found a hole to the Spider Nest.
 23670 | Lair:6   | Found a staircase to the Slime Pits.
 23670 | Lair:6   | Found a viscous altar of Jiyva.
 23848 | Lair:6   | Found a staircase to the Swamp.
 24543 | Lair:7   | Reached skill level 1 in Invocations
 24917 | Lair:7   | Reached XP level 16. HP: 125/125 MP: 20/21
 25335 | Lair:7   | Reached skill level 17 in Axes
 25365 | Lair:7   | Got a transparent fire dragon armour
 25376 | Lair:7   | Identified the +4 fire dragon armour of Owuyho {rF++ rC- rN+ Dex+3} (You found it on level 7 of the Lair of Beasts)
 25946 | Lair:8   | Entered Level 8 of the Lair of Beasts
 26373 | Lair:8   | Received a gift from Okawaru
 26415 | Lair:8   | Got an ichor-stained ring mail
 26426 | Lair:8   | Identified the cursed -2 ring mail "Pedimiri" {rN+ Int+4} (You found it on level 8 of the Lair of Beasts)
 26630 | Lair:8   | Received a gift from Okawaru
 26761 | Lair:8   | Received a gift from Okawaru
 26764 | Lair:8   | Got a slimy trident {god gift}
 27319 | Orc:1    | Entered Level 1 of the Orcish Mines
 27489 | Orc:2    | Upgraded the game from 0.16-a0-4108-g6e49b0d to 0.16-a0-4112-g89a4107
 28452 | Orc:3    | Noticed Joseph
 28463 | Orc:3    | Killed Joseph
 28982 | Orc:4    | Entered Level 4 of the Orcish Mines
 29126 | Orc:3    | Reached skill level 5 in Invocations
 29254 | Orc:4    | Noticed Nergalle
 29394 | Orc:4    | Killed Nergalle
 29394 | Orc:4    | Received a gift from Okawaru
 29426 | Orc:4    | Noticed Snorg
 29432 | Orc:4    | Killed Snorg
 29580 | Orc:4    | Noticed Urug
 29580 | Orc:4    | Killed Urug
 29584 | Orc:4    | Reached XP level 17. HP: 131/131 MP: 27/27
 29589 | Orc:4    | Found a roughly hewn altar of Beogh.
 29768 | Orc:4    | Found Fulukor's Antique Weapon Shoppe.
 29793 | Orc:4    | Found Utiuf's Book Shoppe.
 29872 | Orc:4    | Found Klata's Antique Armour Shoppe.
 29908 | Orc:4    | Found Pahean's General Store.
 29939 | Orc:4    | Found a staircase to the Elven Halls.
 30392 | Elf:1    | Entered Level 1 of the Elven Halls
 30473 | Elf:1    | Found a frozen archway.
 30477 | IceCv    | Entered an ice cave
 30525 | IceCv    | Reached skill level 10 in Crossbows
 30634 | IceCv    | Got a spiked plate armour
 30652 | IceCv    | Identified the +0 plate armour of Mnear {-Cast MR+ Dex+2} (You found it in an ice cave)
 30789 | IceCv    | Reached skill level 18 in Axes
 30922 | IceCv    | Noticed an Ice Fiend
 30930 | IceCv    | Received a gift from Okawaru
 30962 | IceCv    | Killed an Ice Fiend
 30996 | IceCv    | Got a pair of ancient gloves
 31007 | IceCv    | Identified the cursed +0 pair of gloves of the Gastropod {MR- rCorr MP+9 Int-5 Stlth-} (You found it in an ice cave)
 31659 | Elf:1    | Found Grobb's Armour Emporium.
 33383 | Elf:2    | Found a huge runed gate.
 33384 | Elf:2    | Found a huge runed gate.
 33394 | Elf:2    | Found a huge runed gate.
 33420 | Elf:2    | Noticed a deep elf blademaster
 33439 | Elf:2    | Killed a deep elf blademaster
 33439 | Elf:2    | Received a gift from Okawaru
 33439 | Elf:2    | Reached XP level 18. HP: 21/140 MP: 28/29
 33441 | Elf:2    | Got a shimmering crystal plate armour {god gift}
 33815 | Elf:2    | Identified the +1 crystal plate armour of Okawaru's Displeasure {rPois Int+4 SInv} (Okawaru gifted it to you on level 2 of the Elven Halls)
 34322 | Elf:2    | Reached skill level 10 in Armour
 35565 | Elf:3    | Entered Level 3 of the Elven Halls
 35631 | Elf:3    | Found a deep blue altar of Sif Muna.
 35634 | Elf:3    | Found a shimmering altar of Xom.
 35641 | Elf:3    | Found a shimmering altar of Xom.
 36496 | Elf:3    | Got an ebony quarterstaff
 36977 | Elf:3    | Received a gift from Okawaru
 37094 | Elf:3    | Got a steaming silver amulet
 37149 | Elf:3    | Received a gift from Okawaru
 37404 | Elf:3    | Received a gift from Okawaru
 37456 | Elf:3    | Reached skill level 19 in Axes
 37883 | Elf:3    | Reached XP level 19. HP: 136/148 MP: 30/30
 37976 | Elf:3    | Noticed a Brimstone Fiend
 38006 | Elf:3    | Killed a Brimstone Fiend
 38479 | Elf:3    | Received a gift from Okawaru
 38520 | Elf:3    | Identified the amulet of Hiant {rCorr MR- Str+5 Dex+2} (You took it off a deep elf sorcerer on level 3 of the Elven Halls)
 38528 | Elf:3    | Learned a level 2 spell: Repel Missiles
 38535 | Elf:3    | Learned a level 4 spell: Animate Dead
 39982 | Spider:1 | Entered Level 1 of the Spider Nest
 41427 | Spider:2 | Reached skill level 15 in Shields
 41470 | Spider:2 | Received a gift from Okawaru
 42011 | Spider:3 | Noticed hornqvist's ghost (mighty SpAs)
 42015 | Spider:3 | Killed hornqvist's ghost
 42015 | Spider:3 | Reached XP level 20. HP: 158/158 MP: 29/31
 42883 | Spider:4 | Reached skill level 20 in Axes
 42895 | Spider:4 | Identified a scroll of acquirement
 43105 | Spider:5 | Entered Level 5 of the Spider Nest
 43337 | Spider:5 | Received a gift from Okawaru
 43342 | Spider:5 | Noticed Rupert
 43347 | Spider:5 | Killed Rupert
 43347 | Spider:5 | Received a gift from Okawaru
 43502 | Spider:5 | Noticed Donald
 43514 | Spider:5 | Killed Donald
 43608 | Spider:5 | Noticed esc's ghost (mighty MiGl)
 43655 | Spider:5 | Killed esc's ghost
 43655 | Spider:5 | Received a gift from Okawaru
 43655 | Spider:5 | Reached skill level 15 in Fighting
 44001 | Spider:5 | Received a gift from Okawaru
 44085 | Spider:5 | Noticed Arachne
 44102 | Spider:5 | Killed Arachne
 44343 | Spider:5 | Received a gift from Okawaru
 44433 | Spider:5 | Received a gift from Okawaru
 44443 | Spider:5 | Got a twisted leather armour {god gift}
 44454 | Spider:5 | Identified the -4 leather armour "Funen" {rCorr Str+5} (Okawaru gifted it to you on level 5 of the Spider Nest)
 44656 | Spider:5 | Got a gossamer rune of Zot
 44903 | Shoals:1 | Entered Level 1 of the Shoals
 45228 | Shoals:1 | Reached XP level 21. HP: 166/166 MP: 31/31
 45330 | Shoals:1 | Noticed Kirke
 45344 | Shoals:1 | Killed Kirke
 45495 | Shoals:1 | Identified the Tome of Spatial Good Luck (You found it on level 1 of the Shoals)
 45500 | Shoals:1 | Learned a level 3 spell: Regeneration
 45529 | Shoals:1 | Reached skill level 15 in Crossbows
 45865 | Shoals:2 | Found Fibeivot's Magic Scroll Shop.
 45888 | Shoals:2 | Bought a scroll of enchant armour for 90 gold pieces
 45888 | Shoals:2 | Bought a scroll of enchant armour for 90 gold pieces
 45888 | Shoals:2 | Bought a scroll of enchant armour for 90 gold pieces
 46011 | Shoals:2 | Reached skill level 10 in Dodging
 46199 | Shoals:2 | Noticed Polyphemus
 46223 | Shoals:2 | Killed Polyphemus
 46881 | Shoals:3 | Noticed Nikola
 47287 | Shoals:3 | Killed Nikola
 47885 | Shoals:4 | Received a gift from Okawaru
 48645 | Shoals:4 | Received a gift from Okawaru
 48648 | Shoals:4 | Got a smoking cloak {god gift}
 48659 | Shoals:4 | Identified the +0 cloak "Riariwk" {+Fly rPois MR- Slay+3} (Okawaru gifted it to you on level 4 of the Shoals)
 48699 | Shoals:5 | Entered Level 5 of the Shoals
 48714 | Shoals:5 | Reached skill level 21 in Axes
 48847 | Shoals:5 | Got a warped arbalest
 48923 | Shoals:5 | Identified the cursed +0 arbalest of Xom's Outrage {elec, +Blink rF- rC+ MR+} (You found it on level 5 of the Shoals)
 48926 | Shoals:5 | Identified the Grimoire of Excruciating Heat (You found it on level 5 of the Shoals)
 49178 | Shoals:5 | Noticed Ilsuiw
 49212 | Shoals:5 | Killed Ilsuiw
 49386 | Shoals:5 | Identified the Handbook of Transmigration
 49727 | Shoals:5 | Got a barnacled rune of Zot
 50368 | Shoals:5 | Reached XP level 22. HP: 156/176 MP: 32/32
 50933 | D:12     | Got a pair of blackened gloves
 50944 | D:12     | Identified the +2 pair of gloves of Midnight {rF- rN+ Regen+ SInv} (You acquired it on level 12 of the Dungeon)
 51000 | Vaults:1 | Entered Level 1 of the Vaults
 51117 | Vaults:1 | Received a gift from Okawaru
 51122 | Vaults:1 | Got a faintly glowing executioner's axe {god gift}
 51123 | Vaults:1 | Identified the -1 executioner's axe "Ogrebane" {flame, rElec MR+ Int+4 Dex+4} (Okawaru gifted it to you on level 1 of the Vaults)
 51413 | Vaults:1 | Noticed Asterion
 51431 | Vaults:1 | Killed Asterion
 51463 | Vaults:1 | Found Mnaomman's Assorted Antiques.
 52522 | Vaults:2 | Received a gift from Okawaru
 53047 | Vaults:2 | Received a gift from Okawaru
 53170 | Vaults:2 | Found a staircase to the Crypt.
 53170 | Vaults:2 | Found an ancient bone altar of Kikubaaqudgha.
 53170 | Vaults:2 | Found a basalt altar of Yredelemnul.
 53644 | Vaults:3 | Reached skill level 22 in Axes
 53685 | Vaults:3 | Reached XP level 23. HP: 138/185 MP: 32/32
 54516 | Vaults:3 | Noticed Xtahua
 54530 | Vaults:3 | Killed Xtahua
 54732 | Vaults:3 | Got a crude scale mail
 54749 | Vaults:3 | Identified the +5 scale mail of Omack {rElec} (You found it on level 3 of the Vaults)
 54934 | Vaults:4 | Received a gift from Okawaru
 54971 | Vaults:4 | Got a transparent jade ring
 54972 | Vaults:4 | Identified the ring "Burewoudgh" {rF+ MP+9} (You found it on level 4 of the Vaults)
 55084 | Vaults:4 | Got a warped tin ring
 55085 | Vaults:4 | Identified the ring "Stryvakaj" {Fire rN++} (You found it on level 4 of the Vaults)
 55661 | Vaults:4 | Found Kloozo's Distillery.
 55669 | Vaults:4 | Bought 2 potions of curing for 96 gold pieces
 55669 | Vaults:4 | Bought a potion of curing for 48 gold pieces
 55669 | Vaults:4 | Bought a potion of curing for 48 gold pieces
 55699 | Vaults:4 | Received a gift from Okawaru
 55703 | Vaults:4 | Got a steaming arbalest {god gift}
 55704 | Vaults:4 | Identified the -2 arbalest of the Forsaken Gods {speed, Str+2} (Okawaru gifted it to you on level 4 of the Vaults)
 56189 | Vaults:4 | Upgraded the game from 0.16-a0-4112-g89a4107 to 0.16-a0-4113-g7d8e295
 56247 | Vaults:4 | Reached skill level 23 in Axes
 56389 | Vaults:4 | Gained mutation: You can spit poison. [potion of beneficial mutation]
 56390 | Vaults:4 | Gained mutation: You have an increased reservoir of magic (+10% MP). [potion of beneficial mutation]
 56391 | Vaults:4 | Gained mutation: You passively map a small area around you. [potion of beneficial mutation]
 56392 | Vaults:4 | Gained mutation: You are partially covered in rugged brown scales (AC +1, +3% HP). [potion of beneficial mutation]
 56393 | Vaults:4 | Gained mutation: You have sharp toenails. [potion of beneficial mutation]
 56403 | Vaults:4 | You fall through a shaft!
 56403 | Vaults:5 | Entered Level 5 of the Vaults
 56897 | Vaults:5 | Reached XP level 24. HP: 200/200 MP: 36/36
 57104 | Vaults:5 | Received a gift from Okawaru
 58085 | Vaults:5 | Received a gift from Okawaru
 58398 | Vaults:5 | Got a spiked mottled dragon armour
 58402 | Vaults:5 | Identified the cursed -5 mottled dragon armour of Shadows and Fog {rC+} (You took it off an ogre mage on level 5 of the Vaults)
 58445 | Vaults:5 | Reached XP level 25. HP: 209/209 MP: 36/36
 58619 | Vaults:5 | Got a faintly humming ring mail
 58656 | Vaults:5 | Identified the +2 ring mail "Stypp" {Str+4} (You found it on level 5 of the Vaults)
 58897 | Vaults:5 | Reached skill level 24 in Axes
 58997 | Vaults:5 | Received a gift from Okawaru
 59071 | Vaults:5 | Got a silver rune of Zot
 60263 | Depths:1 | Entered Level 1 of the Depths
 60436 | Depths:1 | Received a gift from Okawaru
 60439 | Depths:1 | Got an encrusted cloak {god gift}
 60458 | Depths:1 | Identified the +2 cloak of Zacko {-Tele rC+ Dex+2 Stlth+} (Okawaru gifted it to you on level 1 of the Depths)
 60645 | Depths:1 | Noticed Scytalen's ghost (mighty SpAs)
 60667 | Depths:1 | Killed Scytalen's ghost
 61047 | Depths:1 | Reached XP level 26. HP: 147/219 MP: 37/37
 61475 | Depths:1 | Found a gateway to Hell.
 61657 | Depths:1 | Learned a level 6 spell: Statue Form
 61709 | Depths:1 | Reached skill level 25 in Axes
 62077 | Depths:2 | Received a gift from Okawaru
 62793 | Depths:2 | Found Miaxummeg's Food Shop.
 63178 | Depths:3 | Found a runed door.
 63288 | Depths:3 | Noticed Agnes
 63451 | Depths:3 | Killed Agnes
 63862 | Depths:3 | Received a gift from Okawaru
 63884 | Depths:3 | Reached XP level 27. HP: 65/228 MP: 37/37
 64119 | Depths:3 | Reached skill level 1 in Necromancy
 64710 | Depths:3 | Noticed Margery
 64719 | Depths:3 | Killed Margery
 64732 | Depths:3 | Received a gift from Okawaru
 64732 | Depths:3 | Reached skill level 26 in Axes
 64798 | Depths:3 | Got a twisted war axe
 64799 | Depths:3 | Identified the +12 war axe of Frustration {chop, rElec} (You took it off a spriggan berserker on level 3 of the Depths)
 65004 | Depths:3 | Received a gift from Okawaru
 65078 | Depths:3 | Found a one-way gate to the infinite horrors of the Abyss.
 65223 | Depths:3 | Found a one-way gate leading to the halls of Pandemonium.
 65225 | Depths:3 | Noticed the Enchantress
 65334 | Depths:3 | Killed the Enchantress
 65336 | Depths:3 | Got a faerie dragon armour
 65425 | Depths:3 | Identified the Disquisition on the Rocks and Stolen Souls
 65495 | Depths:3 | Got a pair of heavily runed gloves
 65497 | Depths:3 | Identified the +2 pair of gloves "Miffufamm" {Str+2} (You found it on level 3 of the Depths)
 65498 | Depths:3 | Identified the +3 faerie dragon armour {rC+ Regen+ HP-2 Str+2 Dex-2} (You took it off the Enchantress on level 3 of the Depths)
 66172 | Depths:4 | Received a gift from Okawaru
 66296 | Depths:4 | Received a gift from Okawaru
 66593 | Depths:4 | Found Daceumn's Magic Scroll Shoppe.
 66593 | Depths:4 | Found Karan's Food Boutique.
 66594 | Depths:4 | Found Goyskan's Book Boutique.
 66595 | Depths:4 | Found Pliegosao's Armour Emporium.
 66645 | Depths:4 | Gained mutation: Your skin changes colour to match your surroundings (Stealth). [potion of beneficial mutation]
 66965 | Depths:4 | Received a gift from Okawaru
 66974 | Depths:4 | Reached skill level 27 in Axes
 67164 | Depths:4 | Noticed Jorgrun
 67168 | Depths:4 | Killed Jorgrun
 67214 | Depths:4 | Noticed Boris
 67255 | Depths:4 | Killed Boris
 67492 | Depths:4 | Received a gift from Okawaru
 67519 | Depths:4 | Noticed Mara
 67522 | Depths:4 | Noticed Herrn's illusion
 67544 | Depths:4 | Killed Herrn's illusion
 67676 | Depths:4 | Killed Mara
 67676 | Depths:4 | Received a gift from Okawaru
 67797 | Depths:5 | Entered Level 5 of the Depths
 67865 | Depths:5 | Received a gift from Okawaru
 68150 | Depths:5 | Found a runed door.
 68150 | Depths:5 | Found a runed door.
 68332 | Depths:5 | Found Stuaf's Quality Used Wands.
 68614 | Depths:5 | Found a gateway to a ziggurat.
 68861 | Depths:5 | Received a gift from Okawaru
 69139 | Depths:5 | Found a runed door.
 69139 | Depths:5 | Found a runed door.
 69414 | Depths:5 | Found a runed door.
 69428 | Depths:5 | Found a runed door.
 69852 | Depths:5 | Found a gate to the Realm of Zot.
 70476 | Slime:1  | Entered Level 1 of the Pits of Slime
 71000 | Slime:2  | Received a gift from Okawaru
 71014 | Slime:2  | Got a colourful robe {god gift}
 72866 | Slime:5  | Noticed esc's ghost (great MiGl)
 72895 | Slime:5  | Killed esc's ghost
 73429 | Slime:6  | Entered Level 6 of the Pits of Slime
 73724 | Slime:6  | Identified the +1 robe of the Ladybird {Int+5} (Okawaru gifted it to you on level 2 of the Pits of Slime)
 74483 | Slime:6  | Noticed the royal jelly
 75342 | Slime:6  | Received a gift from Okawaru
 75710 | Slime:6  | Killed the royal jelly
 76361 | Slime:6  | Got a brightly glowing steel ring
 76594 | Slime:6  | Got a slimy rune of Zot
 76600 | Slime:6  | Identified the ring "Dod Uhevi" {+Inv Str+11 Int-3 Stlth+} (You found it on level 6 of the Pits of Slime)
 76606 | Slime:6  | Got a scorched great mace
 76613 | Slime:6  | Identified the +8 great mace "Ytopem" {freeze, rC+} (You found it on level 6 of the Pits of Slime)
 76678 | Slime:6  | Got a smoking golden amulet
 76679 | Slime:6  | Identified the amulet "Viuhi" {Stasis MP-9 Int+4 Stlth+} (You found it on level 6 of the Pits of Slime)
 76683 | Slime:6  | Got a faintly humming scale mail
 76684 | Slime:6  | Identified the cursed +0 scale mail "Durhoynt" {rElec rF+ Int+4 Slay-5 SInv} (You found it on level 6 of the Pits of Slime)
 77035 | Temple   | Fell from the grace of Okawaru
 77035 | Temple   | Became a worshipper of the Shining One
 77315 | Crypt:1  | Entered Level 1 of the Crypt
 77394 | Crypt:1  | Acquired the Shining One's first power
 77462 | Crypt:1  | Acquired the Shining One's second power
 78338 | Crypt:2  | Acquired the Shining One's third power
 79044 | Crypt:3  | Entered Level 3 of the Crypt
 79171 | Crypt:3  | Acquired the Shining One's fourth power
 79549 | Crypt:3  | Got a tiger eye-encrusted leather armour
 79752 | Crypt:3  | Found a staircase to the Tomb.
 79840 | Crypt:3  | Identified the cursed +0 leather armour of Dias {Stlth+} (You found it on level 3 of the Crypt)
 79843 | Crypt:3  | Identified the Handbook of the Snowflakes and Sinister Secrets (You found it on level 3 of the Crypt)
 80652 | Crypt:3  | Was forgiven by Okawaru
 80717 | Crypt:3  | Found an ancient bone altar of Kikubaaqudgha.
 80733 | Crypt:3  | Noticed an ancient lich
 80737 | Crypt:3  | Killed an ancient lich
 80773 | Crypt:3  | Noticed an ancient lich
 80783 | Crypt:3  | Killed an ancient lich
 81824 | Temple   | Identified an uncursed triple crossbow of holy wrath (a triple crossbow of freezing blessed by the Shining One)
 82342 | Tomb:1   | Entered Level 1 of the Tomb of the Ancients
 82841 | D:6      | Fell from the grace of the Shining One
 82841 | D:6      | Became a worshipper of Zin the Law-Giver
 82841 | D:6      | Acquired Zin's first power
 82841 | D:6      | Acquired Zin's second power
 82841 | D:6      | Acquired Zin's third power
 82841 | D:6      | Acquired Zin's fourth power
 82849 | D:6      | Donated 4844 gold pieces to Zin
 83632 | Tomb:1   | Got a translucent chain mail
 83635 | Tomb:1   | Identified the +1 chain mail of Oman {rElec rN+ rCorr Int-2} (You found it on level 1 of the Tomb of the Ancients)
 83897 | Tomb:1   | Noticed a greater mummy
 83899 | Tomb:1   | Killed a greater mummy
 84595 | Tomb:2   | Noticed a greater mummy
 84595 | Tomb:2   | Noticed a greater mummy
 84596 | Tomb:2   | Noticed a greater mummy
 84596 | Tomb:2   | Noticed a greater mummy
 84946 | Tomb:1   | Killed a greater mummy
 85176 | Tomb:1   | Killed a greater mummy
 85449 | Tomb:1   | Killed a greater mummy
 85608 | Tomb:2   | Killed a greater mummy
 86335 | Tomb:1   | Noticed a greater mummy
 86339 | Tomb:1   | Killed a greater mummy
 86350 | Tomb:1   | Noticed a greater mummy
 86351 | Tomb:1   | Noticed a greater mummy
 86363 | Tomb:1   | Killed a greater mummy
 86546 | Tomb:1   | Killed a greater mummy
 86620 | Tomb:1   | Noticed a greater mummy
 86626 | Tomb:1   | Killed a greater mummy
 86755 | Tomb:1   | Noticed a greater mummy
 86843 | Tomb:1   | Killed a greater mummy
 87039 | Tomb:1   | Noticed a greater mummy
 87043 | Tomb:1   | Noticed a greater mummy
 87044 | Tomb:1   | Noticed a greater mummy
 87054 | Tomb:1   | Killed a greater mummy
 87069 | Tomb:1   | Killed a greater mummy
 87072 | Tomb:1   | Noticed a greater mummy
 87079 | Tomb:1   | Killed a greater mummy
 87193 | Tomb:1   | Noticed a greater mummy
 87202 | Tomb:1   | Killed a greater mummy
 87239 | Tomb:1   | Killed a greater mummy
 87298 | Tomb:1   | Noticed a greater mummy
 87310 | Tomb:1   | Killed a greater mummy
 87343 | Tomb:1   | Noticed a greater mummy
 87373 | Tomb:1   | Killed a greater mummy
 87385 | Tomb:1   | Noticed a greater mummy
 87391 | Tomb:1   | Killed a greater mummy
 87707 | Tomb:1   | Noticed a greater mummy
 87737 | Tomb:1   | Killed a greater mummy
 87761 | Tomb:1   | Noticed a greater mummy
 87765 | Tomb:1   | Killed a greater mummy
 87914 | Tomb:1   | Noticed a greater mummy
 87923 | Tomb:1   | Killed a greater mummy
 87990 | Tomb:1   | Noticed a greater mummy
 87996 | Tomb:1   | Killed a greater mummy
 88032 | Tomb:1   | Noticed a greater mummy
 88035 | Tomb:1   | Killed a greater mummy
 88081 | Tomb:1   | Noticed a greater mummy
 88095 | Tomb:1   | Killed a greater mummy
 88346 | Tomb:1   | Noticed a greater mummy
 88347 | Tomb:1   | Noticed a greater mummy
 88358 | Tomb:1   | Killed a greater mummy
 88368 | Tomb:1   | Killed a greater mummy
 88571 | Tomb:3   | Entered Level 3 of the Tomb of the Ancients
 88753 | Tomb:3   | Noticed a greater mummy
 88755 | Tomb:3   | Noticed a greater mummy
 88757 | Tomb:3   | Noticed a greater mummy
 88761 | Tomb:3   | Noticed a greater mummy
 88761 | Tomb:3   | Noticed a greater mummy
 88986 | Tomb:3   | Noticed a greater mummy
 89239 | Tomb:2   | Killed a greater mummy
 89442 | Tomb:2   | Killed a greater mummy
 89608 | Tomb:2   | Killed a greater mummy
 89610 | Tomb:2   | Killed a greater mummy
 89612 | Tomb:2   | Killed a greater mummy
 89731 | Tomb:3   | Noticed a greater mummy
 90193 | Tomb:2   | Killed a greater mummy
 90300 | Tomb:3   | Noticed a greater mummy
 90304 | Tomb:3   | Killed a greater mummy
 90550 | Tomb:3   | Killed a greater mummy
 90550 | Tomb:3   | Reached skill level 15 in Armour
 90741 | Tomb:3   | Noticed Khufu
 90743 | Tomb:3   | Killed Khufu
 90780 | Tomb:3   | Got a golden rune of Zot
 91149 | Tomb:3   | Got a spiked chain mail
 91150 | Tomb:3   | Identified the cursed -7 chain mail of Prun {MP+9 Dex+2} (You found it on level 3 of the Tomb of the Ancients)
 91161 | Tomb:3   | Got a shimmering iron amulet
 91162 | Tomb:3   | Identified the amulet of Arecruh {Gourm +Inv Slay+3} (You found it on level 3 of the Tomb of the Ancients)
 91169 | Tomb:3   | Identified the Grimoire of Curses (You found it on level 3 of the Tomb of the Ancients)
 91171 | Tomb:3   | Identified the Volume of the Ashen Oath (You found it on level 3 of the Tomb of the Ancients)
 91186 | Tomb:3   | Got a smelly leather armour
 91213 | Tomb:3   | Identified the +2 leather armour "Psileez" {Dex+2} (You found it on level 3 of the Tomb of the Ancients)
 92291 | Temple   | Fell from the grace of Zin
 92291 | Temple   | Became a worshipper of Cheibriados the Contemplative
 92716 | Zot:1    | Entered Level 1 of the Realm of Zot
 92902 | Depths:4 | Voluntarily entered the Abyss.
 93074 | Abyss:1  | Found a corrupted altar of Lugonu.
 93172 | Abyss:3  | Found a corrupted altar of Lugonu.
 93202 | Abyss:3  | Got an abyssal rune of Zot
 93210 | Abyss:3  | Found a glowing golden altar of the Shining One.
 93343 | Abyss:3  | Found a sacrificial altar of Ru.
 93480 | Abyss:3  | Acquired Cheibriados' first power
 93555 | Depths:4 | Escaped the Abyss
 94156 | Zot:1    | Acquired Cheibriados' second power
 94829 | Zot:1    | Acquired Cheibriados' third power
 95240 | Zot:1    | Reached skill level 27 in Fighting
 96933 | Zot:3    | Reached skill level 15 in Dodging
 97980 | Zot:5    | Entered Level 5 of the Realm of Zot
 98501 | Hell     | Entered the Vestibule of Hell
 98501 | Hell     | Noticed Geryon
 98555 | Hell     | Killed Geryon
 98719 | Hell     | Found a gateway to the freezing wastes of Cocytus.
 98828 | Hell     | Found a gateway to the decaying netherworld of Tartarus.
 99062 | Hell     | Found a gateway to the Iron City of Dis.
 99270 | Hell     | Found a gateway to the ashen valley of Gehenna.
 99543 | Tar:1    | Entered Level 1 of Tartarus
 99577 | Tar:7    | Entered Level 7 of Tartarus
100513 | Tar:7    | Noticed Ereshkigal
100583 | Tar:7    | HP: 10/251 [Ereshkigal/bolt of cold (6)]
100584 | Tar:7    | HP: 1/251 [reaper/scythe of slicing (10)]
100584 | Tar:7    | Slain by a reaper

Action                   |  1- 3 |  4- 6 |  7- 9 | 10-12 | 13-15 | 16-18 | 19-21 | 22-24 | 25-27 || total
-------------------------+-------+-------+-------+-------+-------+-------+-------+-------+-------++-------
Melee: War axe           |    73 |   185 |   374 |   765 |   405 |       |       |       |       ||  1802
       Battleaxe         |       |       |       |       |   873 |   860 |   972 |    52 |     8 ||  2765
       Executioner's axe |       |       |       |       |       |       |       |  1049 |  4121 ||  5170
 Fire: Heavy crossbow    |       |       |       |    15 |    23 |   309 |   425 |    56 |   862 ||  1690
       Triple crossbow   |       |       |       |       |       |       |       |       |   207 ||   207
Invok: Heroism           |       |       |       |     6 |    10 |    15 |    15 |     8 |    19 ||    73
       Vitalisation      |       |       |       |       |       |       |       |       |    39 ||    39
 Abil: Dig               |       |     1 |     3 |    10 |     5 |    19 |    12 |     3 |    56 ||   109
       Shaft Self        |       |       |       |       |       |       |       |     1 |     8 ||     9
       Stop Flying       |       |       |       |       |       |       |       |     1 |     1 ||     2
       Evoke Flight      |       |       |       |       |       |       |       |       |     2 ||     2
Evoke: Wand              |       |       |     2 |       |     1 |       |       |       |       ||     3
  Use: Potion            |     1 |       |     7 |     2 |     1 |     9 |     7 |     7 |    24 ||    58
       Scroll            |       |       |     7 |    10 |     7 |     4 |     6 |    10 |    42 ||    86
 Stab: Petrifying        |       |       |       |       |     1 |       |       |       |     1 ||     2
       Distracted        |       |       |       |       |       |     1 |       |       |     3 ||     4
       Petrified         |       |       |       |       |       |       |    11 |       |       ||    11
       Sleeping          |       |       |       |       |       |       |       |       |     3 ||     3
  Eat: Chunk             |       |     6 |    18 |    20 |    31 |    22 |    42 |    14 |    38 ||   191
       Fruit             |       |       |       |     6 |     9 |    11 |     4 |       |    14 ||    44
       Pizza             |       |       |       |       |     1 |     2 |     1 |     5 |     6 ||    15
       Beef jerky        |       |       |       |       |       |     4 |     3 |     3 |    15 ||    25
       Royal jelly       |       |       |       |       |       |       |       |     1 |     6 ||     7
       Meat ration       |       |       |       |       |       |       |       |       |     9 ||     9
